 Dungeon Crawl Stone Soup version 0.29.1-2-gbd0b4ee654 (webtiles) character file.

Game seed: 6226005862574559826

159 qeuew the Gusty (level 5, -12/42 HPs)
             Began as a Naga Air Elementalist on Nov 7, 2022.
             Mangled by Crazy Yiuf
             ... wielding a +4 quarterstaff of chaos
              (16 damage)
             ... on level 3 of the Dungeon.
             The game lasted 00:05:21 (4182 turns).

qeuew the Gusty (Naga Air Elementalist)             Turns: 4182, Time: 00:05:22

Health: -12/42     AC:  2    Str: 12    XL:     5   Next: 40%
Magic:  9/9        EV: 10    Int: 15    God:
Gold:   160        SH:  0    Dex: 12    Spells: 6/9 levels left

rFire   . . .      SeeInvis +   e - +0 hand axe
rCold   . . .      Faith    .   (no shield)
rNeg    . . .      Spirit   .   a - +0 robe
rPois   +          Reflect  .   (no helmet)
rElec   .          Harm     +   (no cloak)
rCorr   .          Rampage  .   (no gloves)
Will    .....                   (no barding)
Stlth   ++........              k - amulet "Pegryfuset" {RegenMP Harm rPois}
HPRegen 0.14/turn               (no ring)
MPRegen 0.51/turn               (no ring)

@: short of breath, very slow
A: AC +1, large, see invisible, deformed body, poison resistance, slowness 2,
spit poison 1, naga tail 1
a: Spit Poison


You were on level 3 of the Dungeon.
You visited 1 branch of the dungeon, and saw 3 of its levels.

You collected 160 gold pieces.

Inventory:

Hand Weapons
 e - a +0 hand axe (weapon)
Armour
 a - a +0 robe (worn)
Jewellery
 k - the amulet "Pegryfuset" (around neck) {RegenMP Harm rPois}
   (You found it on level 3 of the Dungeon)

   [amulet of magic regeneration]

   It increases your rate of magic regeneration.
   rPois:     It protects you from poison.
   Harm:      It increases damage dealt and taken.
 n - a ring of fire
Wands
 h - a wand of paralysis (9)
 o - a wand of mindburst (19)
Scrolls
 c - 2 scrolls of enchant armour {unknown}
 d - a scroll of teleportation
 i - a scroll of amnesia {unknown}
 m - a scroll of magic mapping {unknown}
Potions
 b - 2 potions of magic
 f - a potion of heal wounds {unknown}
 g - a potion of curing
 j - 2 potions of lignification {unknown}
 l - a potion of haste
 p - a potion of attraction {unknown}


   Skills:
 + Level 1.0 Axes
 + Level 1.5 Armour
 + Level 2.3 Dodging
 - Level 3.0 Stealth
 + Level 2.8 Spellcasting
 + Level 2.2 Conjurations
 + Level 3.7 Air Magic


You had 6 spell levels left.
You knew the following spells:

 Your Spells              Type           Power      Damage    Failure   Level
a - Shock                 Conj/Air       40%        1d5       6%          1
b - Static Discharge      Conj/Air       10%        3-5/arc   10%         2

Your spell library contained the following spells:

 Spells                   Type           Power      Damage    Failure   Level
 Swiftness                Air            13%        N/A       14%         3
 Sublimation of Blood     Necr           2%         N/A       30%         2
 Wereblood                Tmut           2%         N/A       30%         2
 Airstrike                Air            6%         2d(1-17)  41%         4
 Gell's Gravitas          Tloc           2%         N/A       52%         3
 Lesser Beckoning         Tloc           2%         N/A       52%         3
 Teleport Other           Tloc           2%         N/A       52%         3
 Summon Hydra             Summ           1%         N/A       100%        7


Dungeon Overview and Level Annotations

Branches:
Dungeon (3/15)

Altars:
Elyvilon

Shops:
D:1 [

Annotations:
D:3 Crazy Yiuf


Innate Abilities, Weirdness & Mutations

Your serpentine skin is tough. (AC +1)
You have supernaturally acute eyesight. (SInv)
Armour fits poorly on your strangely shaped body.
Your system is resistant to poisons. (rPois)
You cover ground very slowly.
You can spit poison.
You have a snake-like lower body.


Message History

Things that are here:
a +0 dagger; 2 poisoned darts
p - a sedimented pink potion You can't see any susceptible monsters within range! (Use Z to cast anyway.)
Things that are here:
a +0 dagger; 2 poisoned darts
There is a stone staircase leading up here.
You can't see any susceptible monsters within range! (Use Z to cast anyway.) Could not explore, unopened runed door.
You can't see any susceptible monsters within range! (Use Z to cast anyway.) Could not explore, unopened runed door.
You can't see any susceptible monsters within range! (Use Z to cast anyway.) Could not explore, unopened runed door.
You open the door.
As you close the door, it creaks loudly!
Crazy Yiuf opens the door.
Crazy Yiuf says, "Pitchfork!
Snoogle horse down."
Aiming: Spit Poison (1% risk of failure)
Press: ? - help, Shift-Dir - straight line, f - Crazy Yiuf
Aim: Crazy Yiuf, wielding a +4 quarterstaff of chaos and wearing a +2 cloak of poison resistance (65% to hit)
The splash of poison hits Crazy Yiuf.
Crazy Yiuf is lightly wounded.
You hit Crazy Yiuf.
Crazy Yiuf is moderately wounded.
You hit the bush. You hit the fungus.
The fungus begins to die.
Crazy Yiuf closely misses you.
You hit Crazy Yiuf.
Crazy Yiuf is severely wounded.
You hit the fungus. You hit the bush but do no damage.
Crazy Yiuf hits you with a +4 quarterstaff of chaos!
You are electrocuted!
You hit Crazy Yiuf.
Crazy Yiuf is almost dead.
You hit the bush but do no damage. You hit the fungus.
Crazy Yiuf hits you with a +4 quarterstaff of chaos!
* * * LOW HITPOINT WARNING * * *
Crazy Yiuf burns you.
* * * LOW HITPOINT WARNING * * *
Crazy Yiuf hits you with a +4 quarterstaff of chaos!
You die...

######## ###
##..P.#.### ###
##..
##...@g.#..##...#
#..#
#.....P####g'...#
#..# #....P##
###..)# #.##
#..#### ### #.#.
##.# #... #.#
#.## #.## ###...
#..# #...#.
####.# #...##


You could see Crazy Yiuf.

Vanquished Creatures
  An iguana (D:2)
  An orc wizard (D:3)
  3 adders (D:3)
  2 worms
  3 dart slugs
  2 orcs (D:3)
  6 ball pythons
  4 endoplasms
  4 giant cockroaches
  8 goblins
  5 hobgoblins
  4 quokkas
  7 bats
  3 frilled lizards
  7 kobolds
  5 rats
65 creatures vanquished.

Notes
Turn   | Place    | Note
-------+----------+-------------------------------------------
     0 | D:1      | qeuew the Naga Air Elementalist began the quest for the
                  | Orb.
     0 | D:1      | Reached XP level 1. HP: 15/15 MP: 3/3
   292 | D:1      | Reached XP level 2. HP: 22/22 MP: 0/5
   701 | D:1      | Found Mosub's Antique Armour Shoppe.
   805 | D:1      | Reached XP level 3. HP: 19/28 MP: 3/6
  1014 | D:1      | Found a faded altar of an unknown god.
  1861 | D:2      | Reached skill level 1 in Armour
  2361 | D:2      | Reached XP level 4. HP: 36/36 MP: 5/7
  2404 | D:2      | Learned a level 2 spell: Static Discharge
  3056 | D:3      | Found a white marble altar of Elyvilon.
  3124 | D:3      | Identified the amulet "Pegryfuset" {RegenMP Harm rPois}
  3481 | D:3      | Found a runed translucent door.
  3482 | D:3      | Noticed Crazy Yiuf
  3509 | D:3      | Reached XP level 5. HP: 42/42 MP: 5/9
  3814 | D:3      | Reached skill level 1 in Axes
  4182 | D:3      | Mangled by Crazy Yiuf

Illustrated notes

Levels and vault maps discovered:
D:1:      minmay_arrival_shoal_huts, layout_basic, serial_shops, shop_statue,
          basic_ecumenical_altar
D:2:      layout_basic, kennysheep_generic_room_14
D:3:      layout_basic, nicolae_overflow_crystal_walls, interstate_on_off,
          nicolae_eternal_life, uniq_crazy_yiuf_cottage

Skill      XL: |  1  2  3  4  5 |
---------------+----------------+-----
Dodging        | 2 |  2.3
Armour         | 1 |  1.5
Conjurations   | 2 |  2.2
Axes           | 1 |  1.0
Stealth        | |  3.0
Spellcasting   | |  2.8
Air Magic      | |  3.7

Action                   |  1- 3 |  4- 6 || total
-------------------------+-------+-------++-------
Melee: Unarmed           |    13 |       ||    13
       Hand axe          |     1 |    30 ||    31
 Cast: Shock             |    83 |    57 ||   140
 Abil: Spit Poison       |     6 |     1 ||     7
  Use: Scroll            |     2 |     2 ||     4
       Potion            |       |     3 ||     3
Armor: Robe              |     3 |     8 ||    11
Dodge: Dodged            |     7 |    19 ||    26
